Cogmind - Beta 16.1 @@@ ROGUE MODE // 2026.02.26 @ 16:55:22 Player: Legion1337 Result: Destroyed by G-34 Mercenary with Small Laser Performance ------------- Evolutions (1) 500 Regions Visited (3) 600 Robots Destroyed (12) 60 Value Destroyed (241) 241 Prototype IDs (1) 20 Alien Tech Used (0) 0 Bonus (0) 0 TOTAL SCORE: 1421 Bonus ------- None Cogmind --------- Core Integrity 0/400 Matter 176/300 Energy 100/100 System Corruption 3% Temperature Cool (6) Movement Core (100) Ox1 Location -9/Mines Parts ------- > --- POWER (1) -------- (None) > --- PROPULSION (3) --- (None) > --- UTILITY (3) ------ (None) > --- WEAPON (2) ------- Assault Rifle Assault Rifle > --- INVENTORY (5) ---- (None) Peak State ------------ > --- POWER ------------ Ion Engine > --- PROPULSION ------- Flight Unit Flight Unit Flight Unit > --- UTILITY ---------- Improved Targeting Computer Decoy Drone Bay > --- WEAPON ----------- Assault Rifle Assault Rifle > --- INVENTORY -------- Seismic Detector Medium Armor Plating Shield Generator Shotgun Mini Grenade Launcher [Rating: 22] Favorites ----------- Power Light Ion Engine Engine Light Ion Engine Propulsion Aluminum Leg Leg Aluminum Leg Flight Unit Flight Unit Utility Seismic Detector Device Seismic Detector Storage Small Storage Unit Processor Improved Targeting Computer Protection Light Armor Plating Weapon Assault Rifle Ballistic Gun Assault Rifle Launcher Mini Grenade Launcher Build | -11 -10 -9 -9 ------- Run | Yrd Mat Mat Min Slots Evolved 2 | . . 2 . Power . | . . . . Propulsion 1 | . . 1 . Utility 1 | . . 1 . Weapon . | . . . . Parts Attached 13 | . 3 2 8 Power 1 | . . . 1 Engine 1 | . . . 1 Core . | . . . . Reactor . | . . . . Propulsion 3 | . . . 3 Treads . | . . . . Leg . | . . . . Wheel . | . . . . Hover . | . . . . Flight 3 | . . . 3 Utility 5 | . 2 2 1 Device 3 | . 1 1 1 Storage . | . . . . Processor 1 | . . 1 . Hackware . | . . . . Protection 1 | . 1 . . Artifact . | . . . . Weapon 4 | . 1 . 3 Energy Gun . | . . . . Energy Cannon . | . . . . Ballistic Gun 3 | . 1 . 2 Ballistic Cannon . | . . . . Launcher 1 | . . . 1 Special Weapon . | . . . . Impact Weapon . | . . . . Slashing Weapon . | . . . . Piercing Weapon . | . . . . Special Melee Weapon . | . . . . Unidentified Prototypes 1 | . . . 1 Parts Lost 12 | . . 2 10 Power 2 | . . 1 1 Propulsion 3 | . . . 3 Utility 5 | . . 1 4 Weapon 2 | . . . 2 Highest Loss Streak 5 | . . 2 5 To Critical Strikes . | . . . . Average Backups 3 | . 3 4 2 Power . | . 1 1 . Propulsion . | . . . . Utility 1 | . . 1 1 Weapon 1 | . 1 2 1 Tool/Special . | . . . . Unused Backups 13 | . 9 1 3 Power 2 | . 1 1 . Propulsion 6 | . 6 . . Utility 3 | . . . 3 Weapon 2 | . 2 . . Tool/Special . | . . . . Average Slot Usage (%) 76 | . 90 85 62 Engine 9 | . 14 9 6 Leg 15 | . 28 22 3 Flight 6 | . . . 15 Device 9 | . 4 11 11 Storage 2 | . 9 . . Processor 5 | . . 11 5 Protection 3 | . 4 8 . Ballistic Gun 21 | . 28 22 17 Peak Build Rating 22 | . 7 9 22 Average Rating 7 | . 6 8 8 On Entrance 7 | 6 6 7 9 Avg Prop Armor Cover (%) 7 | . . . 7 Naked Turns 4 | . . . 4 Heaviest Build 14 | 11 11 10 14 Greatest Support 20 | 20 20 20 20 Greatest Overweight (x) 4 | . . . 4 Average Overweight (x) . | . . . . Largest Inventory Capacity 8 | . 8 5 5 Average Capacity 5 | . 6 5 5 Most Carried 5 | . 5 5 5 Average Carried 3 | . 3 4 3 Final Capacity 8 | 8 5 5 5 Final Carried 6 | 6 5 5 . Class Distribution -------------------- 100% | Mutant Dominant Class ---------------- Mutant | -10/Materials Mutant | -9/Materials Mutant | -9/Mines Resources | -11 -10 -9 -9 ----------- Run | Yrd Mat Mat Min Matter Collected 461 | 200 50 42 169 Remotely . | . . . . Salvage Created 208 | . 66 60 82 Parts 21 | . 5 2 14 Haulers Intercepted . | . . . . Recyclers Shooed . | . . . . Parts Field Recycled . | . . . . Retrieved Matter . | . . . . Parts Self-Destructed . | . . . . Prevented . | . . . . Parts Restored . | . . . . Kills | -11 -10 -9 -9 ------- Run | Yrd Mat Mat Min Combat Hostiles Destroyed 31 | . 2 1 28 Guns 6 | . 2 1 3 AOE 25 | . . . 25 Classes Destroyed 6 | . 1 1 4 Builder 1 | . . . 1 Swarmer 7 | . . . 7 Grunt 2 | . 2 . . Sentry 1 | . . 1 . Demolisher 1 | . . . 1 Assembled 20 | . . . 20 Best Kill Streak 20 | . 2 1 20 Combat Bots Only 20 | . 2 1 20 Max Kills in Single Turn 7 | . 1 1 7 Gunslinging . | . . . . Exploded 7 | . . . 7 Melee . | . . . . Uniques/NPCs Destroyed . | . . . . Combat | -11 -10 -9 -9 -------- Run | Yrd Mat Mat Min Hostile Shots Fired 107 | . 10 38 59 Missed 36 | . 2 11 23 Hits 71 | . 8 27 36 Melee 1 | . . . 1 Projectile 70 | . 8 27 35 AOE 19 | . . . 19 Critical Strikes 1 | . . 1 . Damage Taken 1480 | . 123 396 961 Core 422 | . 12 77 333 Absorbed by Shields 67 | . . . 67 Core Remaining (%) 97 | 100 95 . . Volleys Fired 39 | . 5 9 25 Largest 2 | . 2 2 2 Hottest 40 | . 40 40 40 Shots Fired 62 | . 10 18 34 Gun 52 | . 10 18 24 Cannon . | . . . . Launcher 10 | . . . 10 Special . | . . . . Kinetic 52 | . 10 18 24 Thermal . | . . . . Explosive 10 | . . . 10 Electromagnetic . | . . . . Robot Hit Streak 8 | . 8 5 6 Robot Miss Streak 3 | . 1 3 3 Penetration Max . | . . . . Secondary Targets . | . . . . Shots Hit Robots 37 | . 8 11 18 Core Hits 61 | . 4 3 54 Critical Kills . | . . . . Critical Parts Destroyed 2 | . . 1 1 Critical Strikes 2 | . . 1 1 Destroy 2 | . . 1 1 Melee Attacks . | . . . . Impact . | . . . . Slashing . | . . . . Piercing . | . . . . Sneak Attacks . | . . . . Combat Hostiles . | . . . . Follow-up Attacks . | . . . . Damage Inflicted 2353 | . 87 116 2150 Guns 368 | . 87 115 166 Cannons . | . . . . Explosions 1984 | . . . 1984 Melee . | . . . . Ramming 1 | . . 1 . Kinetic 368 | . 87 115 166 Thermal . | . . . . Explosive 1984 | . . . 1984 Electromagnetic . | . . . . Impact . | . . . . Slashing . | . . . . Piercing . | . . . . Highest Corruption 3 | . 1 . 3 Average Corruption 2 | . 1 . 3 Corruption Purged . | . . . . Corruption Blocked . | . . . . Effects 1 | . . . 1 Message Errors 1 | . . . 1 Overload Shots . | . . . . Overflow Damage 210 | . . . 210 Projectiles . | . . . . Explosions 210 | . . . 210 Melee . | . . . . Knockbacks . | . . . . Impact . | . . . . Kinetic . | . . . . Secondary . | . . . . Self-Inflicted Damage 141 | . . . 141 Shots 6 | . . . 6 Rammed . | . . . . Targets Rammed 1 | . . 1 . Kicked 1 | . . 1 . Crushed . | . . . . Highest Temperature 34 | . 6 9 34 Average Temperature 10 | . 6 9 14 Received Heat Transfer 225 | . 48 117 60 Siege Activations . | . . . . Martial Activations . | . . . . Shielding Activations . | . . . . Robots Disrupted . | . . . . Combat Hostiles . | . . . . Robots Corrupted . | . . . . Combat Hostiles . | . . . . Parts Fried . | . . . . Impact Corruptions . | . . . . Robots Melted . | . . . . Combat Hostiles . | . . . . Parts Melted . | . . . . Heat Transferred . | . . . . Parts Sabotaged . | . . . . Parts Stolen . | . . . . Parts Stripped . | . . . . Power Chain Reactions . | . . . . Alert | -11 -10 -9 -9 ------- Run | Yrd Mat Mat Min Maximum Alert Level . | . . . . Low Security (%) 100 | . 100 100 100 Level 1 . | . . . . Level 2 . | . . . . Level 3 . | . . . . Level 4 . | . . . . Level 5 . | . . . . High Security . | . . . . Max Security . | . . . . Peak Influence 98 | . 50 30 98 Initial 3 | . . 3 . Average 23 | . 15 6 40 Influence Increases 324 | . 50 36 238 Destroy 0b10 Robot/C 220 | . 40 20 160 Destroy 0b10 Robot/NC 5 | . . . 5 Destroy Leader 50 | . 10 10 30 Successful Hack 6 | . . 6 . Destroy Structure 43 | . . . 43 Influence Decreases 299 | . 40 46 213 Entered New Map 7 | . . 7 . Time Decay 167 | . 40 33 94 Lost Part 85 | . . . 85 Lost Ally 34 | . . . 34 Purge Threat 6 | . . 6 . Squads Dispatched 2 | . 1 . 1 Investigation . | . . . . Extermination . | . . . . Reinforcement 2 | . 1 . 1 Assault . | . . . . Garrison . | . . . . Intercept . | . . . . Searches Triggered . | . . . . Construction Impeded 1 | . . . 1 Haulers Reinforced . | . . . . Active Scanning Responses . | . . . . Cargo Convoy Interrupts . | . . . . Stealth | -11 -10 -9 -9 --------- Run | Yrd Mat Mat Min Distress Signals . | . . . . Communications Jammed . | . . . . Distress Signals . | . . . . Times Spotted 42 | . 4 6 32 Peak Tracking Total 20 | . 3 3 20 Tactical Retreats . | . . . . Traps | -11 -10 -9 -9 ------- Run | Yrd Mat Mat Min Traps Triggered 1 | . 1 . . Indirectly . | . . . . Trap Hack Attempts . | . . . . Triggered . | . . . . Disarmed . | . . . . Reprogrammed . | . . . . Reused . | . . . . Traps Extracted . | . . . . Installed . | . . . . Triggered . | . . . . Machines | -11 -10 -9 -9 ---------- Run | Yrd Mat Mat Min Machines Disabled . | . . . . Max in Single Turn . | . . . . Machines Repaired . | . . . . Machines Dismantled . | . . . . Machines Sabotaged . | . . . . Overloaded Fab Kills . | . . . . Hacking | -11 -10 -9 -9 --------- Run | Yrd Mat Mat Min Machines Accessed 2 | . . 1 1 Terminals 1 | . . 1 . Fabricators . | . . . . Repair Stations . | . . . . Recycling Units . | . . . . Scanalyzers . | . . . . Garrison Access . | . . . . Total Hacks 4 | . . 3 1 Successful 3 | . . 2 1 Failed 1 | . . 1 . Catastrophic . | . . . . Database Lockouts . | . . . . Manual 3 | . . 3 . Terminals 3 | . . 3 . Fabricators . | . . . . Repair Stations . | . . . . Recycling Units . | . . . . Scanalyzers . | . . . . Garrison Access . | . . . . Terminal Hacks 3 | . . 2 1 Open Door 1 | . . . 1 Terminal Index 1 | . . 1 . Unreport Threat 1 | . . 1 . Fabricator Hacks . | . . . . Repair Station Hacks . | . . . . Recycling Unit Hacks . | . . . . Scanalyzer . | . . . . Garrison Access Hacks . | . . . . Unauthorized Hacks . | . . . . Terminals . | . . . . Fabricators . | . . . . Repair Stations . | . . . . Recycling Units . | . . . . Scanalyzers . | . . . . Garrison Access . | . . . . Data Cores Recovered . | . . . . Used . | . . . . Hacking Detections 1 | . . 1 . Full Trace Events . | . . . . Feedback Events . | . . . . Feedback Blocked . | . . . . Robot Schematics Acquired . | . . . . Robots Built . | . . . . Authchips . | . . . . Time . | . . . . Total Robot Build Rating . | . . . . Part Schematics Acquired . | . . . . Parts Built . | . . . . Authchips . | . . . . Time . | . . . . Total Part Build Rating . | . . . . Part Studies Acquired . | . . . . Parts Repaired . | . . . . Time . | . . . . Parts Recycled . | . . . . Recycled Matter . | . . . . Retrieved Matter . | . . . . Retrieved Components . | . . . . Parts Scanalyzed . | . . . . Part Schematics Acquired . | . . . . Parts Damaged . | . . . . Bothacking | -11 -10 -9 -9 ------------ Run | Yrd Mat Mat Min Used RIF Installer . | . . . . Robots Hacked . | . . . . Non-combat . | . . . . Combat . | . . . . Robot Hacks Applied . | . . . . Relay Couplers Released . | . . . . Fabnet Peak Effective % . | . . . . Robots Rewired . | . . . . Allies Hacked . | . . . . Hacks Repelled . | . . . . Allies | -11 -10 -9 -9 -------- Run | Yrd Mat Mat Min Total Allies . | . . . . Largest Group . | . . . . Highest-Rated Group . | . . . . Highest-Rated Ally . | . . . . Total Orders . | . . . . Ally Attacks . | . . . . Total Damage . | . . . . Kills . | . . . . Allies Corrupted . | . . . . Allies Melted . | . . . . Intel | -11 -10 -9 -9 ------- Run | Yrd Mat Mat Min Active Infowar (turns) 383 | . 65 189 129 Seismic 383 | . 65 189 129 Robot Analysis Total . | . . . . Derelict Logs Recovered 1 | . . . 1 Drone Launches 16 | . . . 16 Drone Recoveries . | . . . . Exploration | -11 -10 -9 -9 ------------- Run | Yrd Mat Mat Min Turns Passed 639 | . 177 189 273 Spaces Moved 510 | 1 125 126 258 Core 37 | . . . 37 Treads . | . . . . Legs 263 | 1 125 126 11 Wheels . | . . . . Hover . | . . . . Flight 210 | . . . 210 Fastest Speed 34 | 120 120 120 34 Average Speed 90 | 120 120 120 62 Slowest Speed 250 | 120 120 120 250 Overloaded Moves . | . . . . Propulsion Burnouts . | . . . . Robots Hopped . | . . . . Potential Cave-ins . | . . . . Cave-ins Triggered . | . . . . Exploration Rate (%) 26 | 2 24 23 57 Regions Visited 3 Branch Regions 1 Pre-discovered Areas . | . . . . Known Exits Taken . | . . . . Unknown Exits Taken 3 | 1 1 1 . Scrap Searched 3 | . . . 3 Spaces Dug . | . . . . Terrain Destroyed 57 | . . . 57 Melee . | . . . . Projectile . | . . . . AOE 57 | . . . 57 Terrain Rammed . | . . . . Walls Destroyed . | . . . . Machines Disabled . | . . . . Actions | -11 -10 -9 -9 --------- Run | Yrd Mat Mat Min Total 630 | . 145 147 338 Wait 39 | . 4 9 26 Move 507 | . 124 125 258 Hop . | . . . . Pick Up 6 | . 3 1 2 Fast Attach 7 | . 1 1 5 Attach 7 | . 1 1 5 Detach 5 | . 1 . 4 Swap 7 | . 1 . 6 Drop 12 | . 5 . 7 Fire 39 | . 5 9 25 Melee . | . . . . Ram . | . . . . Kick 1 | . . 1 . Crush . | . . . . Escape Stasis . | . . . . Rewire . | . . . . Trap . | . . . . Miscellaneous . | . . . . Route ------- -11/Scrapyard -10/Materials -9/Materials -9/Mines History --------- Turn | Location | Event 1 | -11/Scrapyard | Discovered new exit (range 0) 1 | -11/Scrapyard | Entered Materials 163 | -10/Materials | Discovered new exit (range 11) 178 | -10/Materials | Entered another Materials area 178 | -9/Materials | Evolved 2 slots: Propulsion x1, Utility x1 313 | -9/Materials | Build established: Mutant 360 | -9/Materials | Discovered new exit (range 7) 367 | -9/Materials | Entered Mines 430 | -9/Mines | Learned Materials trap positions 444 | -9/Mines | Found the Drone Emporium 448 | -9/Mines | Found Prototype Device 448 | -9/Mines | Identified Decoy Drone Bay 489 | -9/Mines | Assembled infested the area 538 | -9/Mines | Lost 5 parts (2n3u) 539 | -9/Mines | Destroyed 20 combat bots 581 | -9/Mines | Core integrity fell below 50% 589 | -9/Mines | Core integrity fell below 20% 632 | -9/Mines | Lost 5 parts (1p1n1u2w) 640 | -9/Mines | Destroyed by G-34 Mercenary with Small Laser Last Messages --------------- 00597_ Decoy Drone destroyed. 00598_ Decoy Drone released from Decoy Drone Bay. 00598_ Acquired 56 matter. 00598_ Decoy Drone destroyed. 00599_ Decoy Drone released from Decoy Drone Bay. 00600_ Decoy Drone destroyed. 00601_ Decoy Drone released from Decoy Drone Bay. 00601_ Decoy Drone destroyed. 00601_ Decoy Drone Bay destroyed. 00601_ Decoy Drone destroyed. 00601_ >> Lost connection to Decoy Drone. 00602_ Decoy Drone destroyed. 00602_ D-53 Grenadier destroyed. 00610_ The unstable cave ceiling collapses. 00623_ U-05 Engineer builds a Wall. 00625_ U-05 Engineer destroyed. 00627_ U-05 Engineer builds a Wall. 00631_ ALERT: Construction progress impeded, dispatching reinforcements to local area. 00632_ The unstable cave ceiling collapses. Map ----- +----------------------------------------------------+ | ????????????????????????????# #???????????????? | | ?????????????????????????????# #???????????????? | | ??????????????????????????#### ##??????????????? | | ?????????????????????????## # ##?????????????? | | ?????????????????????????# #?????????????? | | ????????????????????????## ##????????????? | | ????????????????????????# " #######??????? | | ????????????????????????# # #??####? | | ????????????????????????# # ### ## | | ????????????????????????# # # # | | ????????????????????????# | | ???????????????????????## | | ???????????????????????# # | | ???????????????????????# u # ### | | ???????????????########## # ##?? | | ??????????????## ## # ###??? | | ?????????????## ##????? | | ???????????### =%= #?????? | | ??????????## ! #?????? | | ?????????## ## #?????? | | ?????????# ### #####?????? | | ?????????# ### ##?## # # ##?????????? | | ?????????# ##?####??# ##??????????? | | ?????????## #????????### ###########???????????? | | ??????????# #????????## ##?###????????????????? | | ?????????## #????????# @ #????????????????????? | | ????????## #????????# #????????????????????? | | ????????# #????????# ##????????????????????? | | ????????# #????????## ##?????????????????????? | | ????????# ##????????# ##??????????????????????? | | ????????# #?#####??# #???????????????????????? | | ????????# ### ##?# #???????????????????????? | | ????????## ### ###g######??????????????????? | | ?????????# ##### #??????????????????? | | ?????????# #?## ######## #??????????????????? | | ?????????# ### ####???????????????????????????? | | ?????##### ## ##??????????????????????????????? | | ?????# #???????????????????????????????? | | ?????# ##### #???????????????????????????????? | | ?????# #???# !####?????????????????############ | | ?????# #???### !%= #???####??????????# | | ????## #?????# ## #??## ##?????????# | | ???## #?????# ## #?## ########### | | ??##!% ##????# # ### """ """ "" | | ### [ #????# """ """ "" | | #????# # ########### """ """ "" | | ### ##????# #?????????# | | ??## ##?????#### ##????????# | | ???## #?????????## ##??##???############ | | ????# #??????????## ## ##?????????????? | +----------------------------------------------------+ Best States ------------- Heat Dissipation 28 Energy Generation 10 Energy Capacity 250 Matter Stores 300 Matter Capacity 300 Sight Range 16 Terrain Scan Density 10 Armor Coverage 150 Evasion (%) 63 Targeting Accuracy 6 Item Schematics ----------------- None Robot Schematics ------------------ None Fabricated ------------ Nothing Repaired ---------- Nothing Studied --------- None Alien Tech Used ----------------- None Achievements -------------- None Challenges ------------ None Game ------ Seed ConceptInterceptWartreads Manual? 0 Play Time 00:14:00 Cumulative 41.9 hours Start 2026.02.26 @ 16:39:01 End 2026.02.26 @ 16:55:22 Sessions 1 Manual Loads 0 Difficulty Rogue Special Mode None Game No. 33 Rogue 28 Adventurer 5 Explorer 0 Win Type - Total 0 Types 0/0/0/0/0/0/0/0/0/0 Lore% 17 Gallery% 31 Achievement% 26 Wizard Run 0 Options --------- Layout 0 ASCII 0 Keyboard 1 Movement Numpad Keybinds 0 Fullscreen 1 Font 24/Smallcaps Map View 76x50 Zoom Use 0% Tactical HUD 1 Map Filters NONE Filters NONE Steam 1 RUN: 2acae89d-e6c7-4e6f-95fd-8d157817095b